 Dungeon Crawl Stone Soup version 0.23.2-1-ga50397a (webtiles) character file.

Game seed: 6316455112332627319

9633 troglodite the Spear-Bearer (level 11, -17/84 HPs)
             Began as a Merfolk Skald on May 22, 2019.
             Was an Initiate of Gozag.
             Demolished by a white ugly thing (28 damage)
             ... on level 11 of the Dungeon on May 23, 2019.
             The game lasted 00:41:49 (13014 turns).

troglodite the Spear-Bearer (Merfolk Skald)        Turns: 13014, Time: 00:41:51

Health: -17/84     AC: 10    Str: 11    XL:     11   Next: 49%
Magic:  17/19      EV: 17    Int: 12    God:    Gozag
Gold:   771        SH:  0    Dex: 18    Spells: 13/20 levels left

rFire    + . .     SeeInvis .   l - +2 spear (freeze)
rCold    . . .     Gourm    .   (no shield)
rNeg     . . .     Faith    .   I - +1 leather armour {rF+}
rPois    .         Spirit   .   e - +0 helmet
rElec    .         Reflect  .   (no cloak)
rCorr    .         Harm     .   (no gloves)
MR       .....                  y - +1 pair of boots {run}
Stlth    +++.......             (no amulet)
HPRegen  0.24/turn              s - ring of wizardry
MPRegen  0.16/turn              r - +3 ring of protection

@: quick
A: change form in water, swift swim, stealthy swim
a: Potion Petition, Call Merchant, Bribe Branch, Renounce Religion


You were on level 11 of the Dungeon.
You worshipped Gozag.
Gozag was pleased with you.
You were not hungry.

You visited 2 branches of the dungeon, and saw 13 of its levels.
You also visited: Ossuary.

You collected 2058 gold pieces.
You spent 437 gold pieces at shops.
You paid 850 gold pieces to Gozag.

Inventory:

Hand Weapons
 l - a +2 spear of freezing (weapon)
 G - a +0 trident of venom
Armour
 e - a +0 helmet (worn)
 y - a +1 pair of boots of running (worn)
 B - the +0 leather armour of Vlad {*Drain +Inv Int+4}
   (You found it on level 6 of the Dungeon)

   It affects your intelligence (+4).
   It lets you turn invisible.
   It causes draining when unequipped.
 I - a +1 leather armour of fire resistance (worn)
Jewellery
 r - a +3 ring of protection (right hand)
 s - a ring of wizardry (left hand)
 t - an uncursed ring of magical power
Wands
 E - a wand of paralysis (11)
Scrolls
 b - a scroll of fear
 k - 4 scrolls of remove curse
 p - a scroll of noise {unknown}
 q - a scroll of magic mapping {unknown}
 v - 2 scrolls of fog
 w - 2 scrolls of torment {unknown}
 x - a scroll of summoning {unknown}
 C - a scroll of amnesia
 D - a scroll of enchant weapon {unknown}
Potions
 a - a potion of magic
 f - 3 potions of brilliance
 g - 3 potions of heal wounds
 h - 4 potions of invisibility
 i - 3 potions of resistance
 j - 6 potions of flight
 m - 2 potions of might
 n - 9 potions of curing
 u - 4 potions of agility
 z - 3 potions of haste
 H - a potion of berserk rage {unknown}
Comestibles
 d - 23 rations


   Skills:
 * Level 7.2 Fighting
 * Level 12.4 Polearms
 + Level 3.7 Armour
 * Level 7.6 Dodging
 * Level 6.4 Stealth
 * Level 5.4 Spellcasting
 * Level 5.2 Hexes
 * Level 7.2 Charms
 * Level 3.5 Necromancy


You had 13 spell levels left.
You knew the following spells:

 Your Spells              Type           Power        Failure   Level  Hunger
a - Infusion              Chrm           ###.         1%          1    None
b - Spectral Weapon       Hex/Chrm       ###.....     2%          3    ###....
c - Regeneration          Chrm/Necr      ###.......   3%          3    ###....

Your spell library contained the following spells:

 Spells                   Type           Power        Failure   Level  Hunger
 Confusing Touch          Hex            ###...       1%          1    None
 Song of Slaying          Chrm           ###.....     1%          2    ##.....
 Animate Skeleton         Necr           N/A          2%          1    None
 Shroud of Golubria       Chrm/Tloc      ##........   3%          2    ##.....
 Apportation              Tloc           #.....       10%         1    None
 Summon Small Mammal      Summ           #...         10%         1    None


Dungeon Overview and Level Annotations

Branches:
Dungeon (12/15)            Temple (1/1) D:5            Lair (0/6) D:8
    Orc: D:9-12

Altars:
Ashenzari
Cheibriados
Dithmenos
Elyvilon
Fedhas
Gozag
Hepliaklqana
Kikubaaqudgha
Makhleb
Nemelex Xobeh
Okawaru
Qazlal
Ru
Sif Muna
Trog
Uskayaw
Vehumet
Wu Jian
Xom
Yredelemnul
Zin
The Shining One

Shops:
D:4 %   D:6 (   D:9 *!

Annotations:
D:7 2 transporters, Bodigarde's ghost, novice HOMo
D:9 2 transporters, JetFlynn's ghost, novice DsFi


Message History

You hit the white ugly thing.
The white ugly thing is severely wounded.
The shadow slips into darkness.
The shadow flickers and vanishes!
Deactivating autopickup; reactivate with Ctrl-A.
You hit the white ugly thing but do no damage.
The white ugly thing is severely wounded.
The white ugly thing tail-slaps you! The white ugly thing freezes you!!
* * * LOW HITPOINT WARNING * * *
You are too injured to fight recklessly!
Unknown command.
You feel much better.
The shadow strikes at you from the darkness!
* * * LOW HITPOINT WARNING * * *
Reactivating autopickup.
The white ugly thing tail-slaps you!
* * * LOW HITPOINT WARNING * * *
The white ugly thing freezes you!!
You die...
Your body crumbles into a pile of gold.

#.##. ..........#
#.#.#.
...................#
......
...................#
.....
...................#
.....
...................#
..##.
...................#
....#
...$...$...###.....#
##.
....§..uW.#####..≈>#
.##
####≈§≈.@..#####...>#
..#
#..§#§.....#####...>#
..#
.#.#........###.....#
.....
..#.................#
......
#..................#
......
..#.................#
.#....
....................#
.#....
....................#
#. ..
....................#


You could see a white ugly thing and a shadow.

Vanquished Creatures
  A two-headed ogre (D:11)
  The ghost of davaitedunem the Cleaver, a novice DDFi (D:6)
  2 hippogriffs
  Sigmund (D:3)
  A spriggan (D:9)
  12 yaks
  A wyvern (D:9)
  A wraith (D:6)
  A basilisk (D:9)
  2 steam dragons
  3 porcupines (D:8)
  A black bear (D:10)
  3 ice beasts
  4 sky beasts
  An orc warrior (D:10)
  7 ogres
  2 phantoms
  2 centaurs (D:10)
  A crocodile (D:8)
  A big kobold (D:9)
  Blork the orc (D:4)
  A wyvern zombie (D:8)
  5 bullfrogs
  5 water moccasin zombies (Ossuary)
  A scorpion (D:9)
  21 killer bees
  4 howler monkeys
  5 crimson imps
  A bullfrog zombie (D:8)
  2 quasits
  3 bullfrog skeletons
  A centaur zombie (D:11)
  A jelly (D:8)
  7 hounds
  3 orc priests
  3 orc wizards
  A centaur skeleton (D:9)
  2 iguanas (D:8)
  5 worker ants
  A killer bee zombie (D:6)
  3 big kobold zombies (Ossuary)
  A hound skeleton (D:4)
  3 mummies
  12 adders
  4 gnolls (D:6)
  3 shadow imps
  An ooze (D:1)
  An adder zombie (Ossuary)
  2 adder skeletons
  A worm (D:2)
  3 dart slugs
  4 leopard geckos
  26 orcs
  5 ball pythons
  4 giant cockroaches
  4 gnoll zombies (Ossuary)
  6 goblins
  7 hobgoblins
  9 jackals
  3 quokkas
  13 bats
  7 frilled lizards
  A jackal skeleton (D:4)
  16 kobolds
  5 kobold zombies (Ossuary)
  A leopard gecko skeleton (D:5)
  A leopard gecko zombie (D:6)
  6 orc zombies (Ossuary)
  A quokka skeleton (D:4)
  7 rats
281 creatures vanquished.

Vanquished Creatures (others)
  14 bushes
  2 fungi (D:8)
  13 plants (D:8)
  7 spectral weapons
36 creatures vanquished.

Grand Total: 317 creatures vanquished

Notes
Turn   | Place    | Note
-------+----------+-------------------------------------------
     0 | D:1      | troglodite the Merfolk Skald began the quest for the Orb.
     0 | D:1      | Reached XP level 1. HP: 16/16 MP: 3/3
   195 | D:1      | Reached XP level 2. HP: 22/22 MP: 5/5
   604 | D:1      | Reached XP level 3. HP: 27/27 MP: 6/6
   609 | D:1      | Learned a level 3 spell: Spectral Weapon
  1677 | D:2      | Reached XP level 4. HP: 25/34 MP: 7/7
  1908 | D:2      | Reached skill level 4 in Polearms
  1908 | D:2      | Reached skill level 1 in Stealth
  2085 | D:2      | Reached skill level 1 in Armour
  2154 | D:2      | Noticed a bullfrog
  2167 | D:2      | Killed a bullfrog
  2167 | D:2      | Reached XP level 5. HP: 26/39 MP: 8/8
  2534 | D:3      | Reached skill level 1 in Hexes
  2720 | D:3      | Reached skill level 5 in Polearms
  2919 | D:3      | Reached XP level 6. HP: 46/46 MP: 9/9
  2932 | D:3      | Noticed Sigmund
  3391 | D:3      | Killed Sigmund
  3391 | D:3      | Reached skill level 6 in Polearms
  3560 | D:3      | Found a hazy altar of Hepliaklqana.
  3797 | D:4      | Reached XP level 7. HP: 44/52 MP: 9/11
  4414 | D:4      | Found Beavvol's Food Shoppe.
  4629 | D:4      | Found a shadowy altar of Dithmenos.
  4715 | D:4      | Noticed Blork the orc
  4723 | D:4      | Killed Blork the orc
  4723 | D:4      | Reached skill level 7 in Polearms
  5192 | D:5      | Entered Level 5 of the Dungeon
  5305 | D:5      | Found a staircase to the Ecumenical Temple.
  5335 | Temple   | Entered the Ecumenical Temple
  5423 | Temple   | Became a worshipper of Gozag Ym Sagoz the Greedy
  5704 | D:5      | Reached XP level 8. HP: 58/58 MP: 12/12
  6053 | D:4      | Bought a ration for 55 gold pieces
  6053 | D:4      | Bought a ration for 55 gold pieces
  6053 | D:4      | Bought a ration for 55 gold pieces
  6053 | D:4      | Bought a ration for 55 gold pieces
  6096 | D:6      | Reached skill level 5 in Charms
  6132 | D:6      | Found Mademu's Weapon Emporium.
  6133 | D:6      | Found a sand-covered staircase.
  6148 | Ossuary  | Entered an ossuary
  6283 | Ossuary  | Reached skill level 8 in Polearms
  6603 | Ossuary  | Learned a level 3 spell: Regeneration
  6667 | Ossuary  | Reached skill level 5 in Dodging
  6760 | D:6      | Found a runed translucent door.
  6760 | D:6      | Noticed a wraith
  6761 | D:6      | Noticed davaitedunem's ghost (novice DDFi)
  6833 | D:6      | Reached skill level 9 in Polearms
  6854 | D:6      | Reached XP level 9. HP: 51/66 MP: 14/14
  6952 | D:6      | Reached skill level 1 in Necromancy
  7087 | D:6      | Identified a +1 pair of boots of running (You found it on
                  | level 6 of the Dungeon)
  7333 | D:6      | Found an iron altar of Okawaru.
  7440 | D:6      | Killed davaitedunem's ghost
  7440 | D:6      | Reached skill level 10 in Polearms
  7450 | D:6      | Got a distressingly furry leather armour
  7461 | D:6      | Identified the +0 leather armour of Vlad {*Drain +Inv
                  | Int+4} (You found it on level 6 of the Dungeon)
  7725 | D:7      | Found a transporter.
  7725 | D:7      | Noticed Bodigarde's ghost (novice HOMo)
  7748 | D:7      | Found a transporter.
  7898 | D:7      | Reached skill level 5 in Fighting
  8342 | D:8      | Found a stormy altar of Qazlal.
  8590 | D:8      | Found a shimmering altar of Xom.
  8736 | D:8      | Found a sparkling altar of Nemelex Xobeh.
  8736 | D:8      | Found a glowing golden altar of the Shining One.
  8810 | D:8      | You fall through a shaft for 3 floors!
  8816 | D:10     | Entered Level 10 of the Dungeon
  8839 | D:10     | Noticed a troll
  8942 | D:10     | Reached XP level 10. HP: 70/74 MP: 12/16
  9241 | D:10     | Reached skill level 11 in Polearms
  9567 | D:9      | Noticed a skeletal warrior
  9578 | D:9      | Found a transporter.
  9580 | D:9      | Noticed JetFlynn's ghost (novice DsFi)
  9591 | D:9      | Found a transporter.
 10078 | D:8      | Reached skill level 5 in Stealth
 10571 | D:8      | Found a staircase to the Lair.
 10628 | D:8      | Reached skill level 12 in Polearms
 10641 | D:8      | Found an ancient bone altar of Kikubaaqudgha.
 11144 | D:9      | Found Oschet's Distillery.
 11153 | D:9      | Reached skill level 5 in Spellcasting
 11270 | D:9      | Reached XP level 11. HP: 71/81 MP: 15/18
 11679 | D:9      | Found a burning altar of Makhleb.
 11679 | D:9      | Found a radiant altar of Vehumet.
 11684 | D:9      | Found a basalt altar of Yredelemnul.
 11686 | D:9      | Found a faded altar of an unknown god.
 11687 | D:9      | Found a hide-covered altar of Uskayaw.
 12311 | D:9      | Bought a scroll of identify for 62 gold pieces
 12311 | D:9      | Bought a glowing leather armour for 155 gold pieces
 12399 | D:10     | Reached skill level 5 in Hexes
 12608 | D:10     | You fall through a shaft for 2 floors!
 12851 | D:12     | Noticed a deep elf mage
 12917 | D:11     | Noticed a two-headed ogre
 12929 | D:11     | Killed a two-headed ogre
 12997 | D:11     | Noticed a white ugly thing
 13014 | D:11     | Demolished by a white ugly thing

Skill      XL: |  1  2  3  4  5  6  7  8  9 10 11 |
---------------+----------------------------------+-----
Dodging        | 3 4 5 6 7 |  7.6
Charms         | 4 5 6 7 |  7.2
Polearms       | 4 5 6 7 9 10 12 | 12.4
Stealth        | 1 2 3 4 5 6 |  6.4
Armour         | 1 2 3 |  3.7
Hexes          | 1 2 3 4 5 |  5.2
Fighting       | 3 4 5 6 7 |  7.2
Spellcasting   | 3 4 5 |  5.4
Necromancy     | 2 3 |  3.5

Action                   |  1- 3 |  4- 6 |  7- 9 | 10-12 || total
-------------------------+-------+-------+-------+-------++-------
Melee: Spear             |   132 |   126 |   649 |   629 ||  1536
 Cast: Spectral Weapon   |       |     1 |    10 |    22 ||    33
       Regeneration      |       |       |       |     4 ||     4
Invok: Call Merchant     |       |       |       |     1 ||     1
  Use: Scroll            |       |     5 |     8 |     7 ||    20
       Potion            |       |       |       |     3 ||     3
 Stab: Sleeping          |     2 |     2 |     4 |     8 ||    16
       Distracted        |       |     1 |     3 |     6 ||    10
  Eat: Chunk             |     2 |     7 |     6 |       ||    15
       Ration            |       |       |     4 |     4 ||     8
Armor: Leather armour    |    32 |    16 |       |    24 ||    72
       Ring mail         |       |       |   155 |    69 ||   224
Dodge: Dodged            |    75 |    53 |   239 |   219 ||   586
